 Dungeon Crawl Stone Soup version 0.29.0-4-gdea44cf6ec (webtiles) character file.

Game seed: 6016217444259757129

20291 mortz the Thaumaturge (level 13, -5/70 HPs)
             Began as a Djinni Conjurer on Aug 26, 2022.
             Was an Elder of Hepliaklqana.
             Shot with an arrow by Nessos (13 damage)
             ... on level 3 of the Lair of Beasts on Aug 27, 2022.
             The game lasted 01:50:31 (18007 turns).

mortz the Thaumaturge (Djinni Conjurer)            Turns: 18007, Time: 01:50:32

Health: -5/70      AC: 10    Str: 11    XL:     13   Next: 11%
Gold:   1369       EV: 15    Int: 28    God:    Hepliaklqana [****..] SH:  0 Dex: 17

rFire   + + +      SeeInvis +   a - +3 rapier "Macsiqe" {spect, Str-3 Int+4}
rCold   + . .      Faith    .   (no shield)
rNeg    . . .      Spirit   .   h - +2 robe {rC+ rF+}
rPois   ∞          Reflect  .   y - +2 helmet
rElec   .          Harm     .   k - +2 cloak
rCorr   .          Rampage  .   (no gloves)
Will    +....                   (boots unavailable)
Stlth   +++++.....              (no amulet)
HPRegen 0.21/turn               S - ring "Etixzomu" {rC+ Dex+4 SInv}
MPRegen 0.00/turn               u - ring "Pueret" {Str+6 Int+2}

@: flying, studying Long Blades
A: reduced essence, sickness immunity, fire resistance 2, cold vulnerability 1,
float, innate caster, HP casting, extra vitality 1
a: Renounce Religion, Recall Ancestor, Ancestor Identity, Transference, Idealise


You were on level 3 of the Lair of Beasts.
You worshipped Hepliaklqana.
Hepliaklqana was greatly pleased with you.
You visited 3 branches of the dungeon, and saw 14 of its levels.
You also visited: Ossuary, Bailey and Gauntlet.

You collected 1369 gold pieces.

Inventory:

Hand Weapons
 a - the +3 rapier "Macsiqe" (weapon) {spect, Str-3 Int+4}
   (You found it on level 6 of the Dungeon)

   When its wielder attacks, the weapon's spirit leaps out and strikes again.
   The spirit shares a part of any damage it takes with its wielder.
   Str:       It affects your strength (-3).
   Int:       It affects your intelligence (+4).
 b - a +7 short sword of freezing
 r - a +2 hammer of draining
 B - a +2 dagger of draining
 H - a +2 short sword of venom
 K - a +1 hand axe of flaming
 L - a +0 dagger of protection
Missiles
 X - 2 throwing nets
Armour
 h - a +2 robe of resistance (worn)
 k - a +2 cloak (worn)
 v - a +2 plate armour of fire resistance
 y - a +2 helmet (worn)
 E - a +0 scale mail
 P - a +3 leather armour of fire resistance
 Y - +1 fire dragon scales
Magical Staves
 c - a staff of earth
Jewellery
 l - a ring of willpower
 t - a +6 ring of strength
 u - the ring "Pueret" (right hand) {Str+6 Int+2}
   (You found it in a Gauntlet)

   [ring of strength]

   Str:       It affects your strength (+6).
   Int:       It affects your intelligence (+2).
 x - a +6 ring of dexterity
 z - a +4 ring of evasion
 D - a ring of ice
 N - a ring of positive energy
 S - the ring "Etixzomu" (left hand) {rC+ Dex+4 SInv}
   (You acquired it in a bailey)

   [ring of protection from cold]

   Dex:       It affects your dexterity (+4).
   rC:        It protects you from cold.
   SInv:      It lets you see invisible.
Wands
 f - a wand of quicksilver (3)
 o - a wand of paralysis (23)
 q - a wand of polymorph (22)
 w - a wand of digging (5)
 U - a wand of flame (16)
 Z - a wand of roots (3)
Scrolls
 d - 2 scrolls of fear
 g - 2 scrolls of immolation
 i - 4 scrolls of enchant armour
 n - 4 scrolls of teleportation
 A - 4 scrolls of silence
 G - 2 scrolls of magic mapping
 J - 4 scrolls of poison
 O - 3 scrolls of butterflies
 R - 6 scrolls of summoning
 T - a scroll of enchant weapon
Potions
 e - 5 potions of lignification
 j - 7 potions of mutation
 m - 4 potions of resistance
 p - 2 potions of heal wounds
 s - 2 potions of attraction
 C - a potion of berserk rage
 F - a potion of flight {unknown}
 I - 8 potions of curing
 M - a potion of might
 Q - 3 potions of haste
 V - 2 potions of invisibility
 W - a potion of brilliance {unknown}


   Skills:
 + Level 1.6 Fighting
 + Level 2.2 Short Blades
 + Level 6.1 Dodging
 * Level 10.2 Stealth
 + Level 13.3 Spellcasting


You had 5 spell levels left.
You knew the following spells:

 Your Spells              Type           Power      Damage    Failure   Level
a - Magic Dart            Conj           100%       1d8       0%          1
b - Searing Ray           Conj           100%       2d8       1%          2
c - Iskenderun's Mystic   Conj/Tloc      76%        2d15      1%          4
d - Fulminant Prism       Conj/Hex       38%        3d18      1%          4
e - Dazzling Flash        Conj/Hex       100%       N/A       1%          3
f - Freeze                Ice            100%       1d11      0%          1
g - Poisonous Vapours     Pois/Air       100%       N/A       1%          2
h - Vampiric Draining     Necr           76%        2d11      1%          3
i - Inner Flame           Hex/Fire       76%        N/A       1%          3
j - Agony                 Necr           76%        N/A       1%          5
k - Metabolic Englaciati  Hex/Ice        38%        N/A       1%          5
Your spell library was empty.

Dungeon Overview and Level Annotations

Branches:
Dungeon (10/15)            Temple (1/1) D:4            Lair (3/5) D:9
  Snake (0/4) Lair:2      Ossuary (visited)          Bailey (visited)
Gauntlet (visited)
  Swamp: Lair:2-3    Shoals: Lair:2-3       Orc: D:9-12

Altars:
Ashenzari
Cheibriados
Dithmenos
Elyvilon
Fedhas
Gozag
Hepliaklqana
Makhleb
Nemelex Xobeh
Okawaru
Qazlal
Ru
Trog
Uskayaw
Wu Jian
Xom
Yredelemnul
Zin
The Shining One

Annotations:
D:2 1 runed translucent door, Crazy Yiuf
D:7 2 runed translucent doors, exclusion: orange crystal statue
D:10 2 transporters, qwertyui's ghost, journeyman MiFi
Lair:3 Nessos


Innate Abilities, Weirdness & Mutations

Your life essence is reduced to manifest your ancestor. (-10% HP)
You are immune to sickness and miasma.
You are immune to poison.
Your flesh is very heat resistant. (rF++)
You are vulnerable to cold. (rC-)
You float through the air rather than walking.
You learn spells naturally, not from books.
Your magical power is your life essence.
You have superior vitality. (+4 MHP)


Message History

A water moccasin comes into view.
Nessos gestures wildly while chanting.
Nessos blinks!
Nessos shoots an arrow.
The arrow hits you.
* * * LOW HITPOINT WARNING * * *
Nessos shoots an arrow.
The arrow completely misses you. The water moccasin barely misses you.
You feel much better. The water moccasin misses you.
Nessos shoots an arrow.
The arrow hits you!
* * * LOW HITPOINT WARNING * * *
Casting: Searing Ray (safe; 1% risk of failure)
Confirm with . or Enter, or press ? or * to list all spells.
Okay, then.
Casting: Searing Ray (safe; 1% risk of failure)
Confirm with . or Enter, or press ? or * to list all spells.
Aiming: Searing Ray (safe; 1% risk of failure)
Press: ? - help, Shift-Dir - straight line, f/p - Nessos
Aim: Nessos, wielding a +1 longbow of flaming and wearing a +0 barding (heavily wounded, fast, inner flame, 90% to hit)
The searing ray hits Nessos.
Flame seeps out of Nessos.
Nessos is heavily wounded. (Press . to maintain the ray.)
* * * LOW HITPOINT WARNING * * *
Nessos is engulfed in blazing flames.
Flame seeps out of Nessos.
The water moccasin bites you.
* * * LOW HITPOINT WARNING * * *
The water moccasin bites you but does no damage.
Casting: Searing Ray (safe; 1% risk of failure)
Confirm with . or Enter, or press ? or * to list all spells.
You erupt in a blast of force!
The mystic blast hits Nessos!!
Flame seeps out of Nessos.
Nessos is almost dead.
The mystic blast hits the water moccasin!!
The water moccasin is severely wounded.
The water moccasin is knocked back by the mystic blast.
The water moccasin slams into the rock wall!
* * * LOW HITPOINT WARNING * * *
Nessos is engulfed in blazing flames.
Flame seeps out of Nessos.
Nessos casts a spell.
Nessos blinks!
Nessos shoots an arrow.
The arrow hits you!
You die...

#.............##
#......÷....P#
...####....(.......#
...#.#.#†....#.....#
..........<..#.###.##
........○.......##..#####
....c.........###.....#
.#.....#○.............#
#....##@.....c.......#
#..#..#S#..##...P...##
#..P...##############
#......## #......#
......... #........##
#.......## ....P#.##


You could see Nessos (fast, inner flame) and a water moccasin.

Vanquished Creatures
  A minotaur (Gauntlet)
  Fannar (Lair:2)
  A two-headed ogre (D:10)
  A death scarab (Gauntlet)
  A spectral death yak (Gauntlet)
  An elephant (Lair:3)
  Joseph (D:8)
  Psyche (D:9)
  A komodo dragon (D:9)
  A rime drake (Lair:1)
  2 hornets
  Sigmund (D:2)
  7 shadows
  Eustachio (D:6)
  10 yaks
  2 wyverns
  A wraith (D:9)
  Edmund (D:6)
  Duvessa (D:7)
  4 water moccasins
  4 black bears
  8 orc warriors
  An ice beast (D:6)
  An ogre (D:6)
  15 wolves
  2 centaurs
  A phantom (D:6)
  5 kobold brigands
  A necrophage (D:5)
  3 bullfrogs
  A gnoll sergeant (D:6)
  10 scorpions
  Dowan (D:7)
  7 wights
  6 killer bees
  3 howler monkeys
  2 human zombies
  A gnoll bouda (D:9)
  3 jellies
  4 hounds
  4 orc priests
  3 human skeletons (D:7)
  Jessica (D:2)
  6 iguanas
  2 scorpion zombies (Ossuary)
  2 orc wizards
  2 mummies (Ossuary)
  Robin (D:3)
  5 adders
  12 gnolls
  2 white imps (D:6)
  An ufetubus (D:5)
  A worm (D:3)
  A dart slug (D:3)
  30 orcs
  6 ball pythons
  3 bats
  10 endoplasms
  5 gnoll zombies (Ossuary)
  19 goblins
  5 hobgoblins
  2 jackals (D:5)
  7 quokkas
  3 frilled lizards
  2 goblin zombies (Ossuary)
  2 hobgoblin zombies (Ossuary)
  18 kobolds
  2 kobold zombies (Ossuary)
  An orc skeleton (D:7)
  2 orc zombies
  5 rats
  A bush (Lair:3)
285 creatures vanquished.

Vanquished Creatures (collateral kills)
  A hydra (Lair:2)
  2 two-headed ogres
  2 elephants (Lair:3)
  A hornet (D:7)
  A queen bee (Gauntlet)
  A polar bear (Lair:2)
  2 yaks (D:8)
  A vampire (D:10)
  Menkaure (D:7)
  An acid dragon (D:9)
  2 water moccasins
  2 black bears (D:9)
  4 orc warriors
  4 wolves (Lair:1)
  A phantom (D:7)
  3 bullfrogs
  A kobold brigand (D:10)
  2 scorpions (Ossuary)
  3 wights
  A killer bee (Gauntlet)
  A centaur zombie (Ossuary)
  A howler monkey (D:9)
  An orc priest (D:6)
  A human zombie (Ossuary)
  An iguana (D:5)
  An orc wizard (D:6)
  2 scorpion zombies (Ossuary)
  A mummy (Ossuary)
  2 gnolls
  9 orcs
  2 kobolds
58 creatures vanquished.

Vanquished Creatures (others)
  A centaur (D:9)
  4 hexers
  4 ancestors (D:6)
  5 demonic plants (D:3)
  57 fungi
  59 plants
  A withered plant (D:3)
131 creatures vanquished.

Grand Total: 474 creatures vanquished

Notes
Turn   | Place    | Note
-------+----------+-------------------------------------------
     0 | D:1      | mortz the Djinni Conjurer began the quest for the Orb.
     0 | D:1      | mortz set off with the following spells memorised: Magic
                  | Dart, Searing Ray, Dazzling Flash, Fulminant Prism,
                  | Iskenderun's Mystic Blast.
     0 | D:1      | Reached XP level 1. HP: 15/15 MP: 0/0
    47 | D:1      | Reached XP level 2. HP: 11/21 MP: 0/0
   533 | D:1      | Reached XP level 3. HP: 22/25 MP: 0/0
   533 | D:1      | Learned a level 1 spell: Freeze
  1244 | D:2      | Reached skill level 4 in Spellcasting
  1247 | D:2      | Noticed Jessica
  1250 | D:2      | Killed Jessica
  1251 | D:2      | Reached XP level 4. HP: 27/31 MP: 0/0
  1673 | D:2      | Found a runed translucent door.
  1674 | D:2      | Noticed Crazy Yiuf
  1707 | D:2      | Noticed Sigmund
  1736 | D:2      | Killed Sigmund
  1737 | D:2      | Reached skill level 5 in Spellcasting
  1737 | D:2      | Reached XP level 5. HP: 18/35 MP: 0/0
  1737 | D:2      | Learned a level 2 spell: Poisonous Vapours
  1737 | D:2      | Reached XP level 6. HP: 21/40 MP: 0/0
  2498 | D:3      | Found a faded altar of an unknown god.
  2660 | D:3      | Noticed Robin
  2665 | D:3      | Killed Robin
  3413 | D:3      | Identified the +5 ring mail of the Playwright {rC- Regen+
                  | Stlth+}
  3692 | D:4      | Reached XP level 7. HP: 42/45 MP: 0/0
  3692 | D:4      | Learned a level 3 spell: Vampiric Draining
  3878 | D:4      | Found a bloodstained altar of Trog.
  3913 | D:4      | Found a staircase to the Ecumenical Temple.
  3922 | Temple   | Entered the Ecumenical Temple
  4011 | Temple   | Became a worshipper of Hepliaklqana the Forgotten
  4139 | D:4      | Reached skill level 6 in Spellcasting
  4414 | D:4      | Found a sparkling altar of Nemelex Xobeh.
  4539 | D:5      | Entered Level 5 of the Dungeon
  4562 | D:5      | Found a stormy altar of Qazlal.
  4705 | D:5      | Reached * piety under Hepliaklqana
  4851 | D:5      | Found a burning altar of Makhleb.
  4872 | D:5      | HP: 2/40 [centaur/arrow (5)]
  5399 | D:5      | Noticed a water moccasin
  5404 | D:5      | Killed a water moccasin
  5405 | D:5      | Reached XP level 8. HP: 15/45 MP: 0/0
  6134 | D:5      | Found a sacrificial altar of Ru.
  6141 | D:5      | Reached skill level 7 in Spellcasting
  6295 | D:5      | Found a glowing golden altar of the Shining One.
  7190 | D:6      | Reached XP level 9. HP: 45/49 MP: 0/0
  7190 | D:6      | Learned a level 3 spell: Inner Flame
  7290 | D:6      | Reached skill level 5 in Stealth
  7376 | D:6      | Reached skill level 8 in Spellcasting
  7720 | D:6      | Noticed Edmund
  7733 | D:6      | Killed Edmund
  7962 | D:6      | Noticed Eustachio
  7967 | D:6      | Killed Eustachio
  8114 | D:6      | Identified the +3 rapier "Macsiqe" {spect, Str-3 Int+4}
  8193 | D:6      | Reached ** piety under Hepliaklqana
  8194 | D:6      | Remembered your ancestor glurtz as a hexer
  8683 | D:7      | Found an opulent altar of Gozag.
  8683 | D:7      | Found an opulent altar of Gozag.
  8684 | D:7      | Found an opulent altar of Gozag.
  8784 | D:7      | Found an opulent altar of Gozag.
  8789 | D:7      | Found a broken altar of Ashenzari.
  8794 | D:7      | Found a shimmering altar of Xom.
  8813 | D:7      | Found the +10 tower shield of Ignorance {rN+ Int-4}
  8819 | D:7      | Found a runed translucent door.
  8825 | D:7      | Noticed an orange crystal statue
  8838 | D:7      | Found a runed translucent door.
  8908 | D:7      | Found a sand-covered staircase.
  8914 | D:7      | Reached XP level 10. HP: 36/54 MP: 0/0
  8917 | Ossuary  | Entered an ossuary
  9291 | Ossuary  | Reached skill level 9 in Spellcasting
  9869 | D:7      | Noticed Duvessa
  9870 | D:7      | Noticed Dowan
  9874 | D:7      | Killed Duvessa
  9876 | D:7      | Killed Dowan
 10543 | D:7      | Found an iron altar of Okawaru.
 10591 | D:7      | Noticed Menkaure
 10596 | D:7      | Killed Menkaure
 10597 | D:7      | Reached skill level 1 in Short Blades
 10794 | D:8      | Reached skill level 10 in Spellcasting
 10939 | D:8      | Noticed Joseph
 10953 | D:8      | Killed Joseph
 10954 | D:8      | Reached XP level 11. HP: 30/59 MP: 0/0
 10954 | D:8      | Learned a level 5 spell: Agony
 11138 | D:8      | Found an ornate altar of the Wu Jian Council.
 11529 | D:8      | Reached *** piety under Hepliaklqana
 11703 | D:8      | Found a shadowy altar of Dithmenos.
 11708 | D:8      | Found a hide-covered altar of Uskayaw.
 12232 | D:9      | Found a staircase to the Lair.
 12236 | D:9      | Reached skill level 1 in Fighting
 12250 | D:9      | Noticed Psyche
 12258 | D:9      | Killed Psyche
 12659 | D:9      | Noticed a two-headed ogre
 12660 | D:9      | Reached skill level 11 in Spellcasting
 13043 | D:9      | Killed a two-headed ogre
 13331 | D:10     | Entered Level 10 of the Dungeon
 13341 | D:10     | Found a transporter.
 13341 | D:10     | Noticed a two-headed ogre
 13345 | D:10     | Noticed a cyclops
 13349 | D:10     | Noticed a two-headed ogre
 13350 | D:10     | Found a transporter.
 13357 | D:10     | Noticed a two-headed ogre
 13359 | D:10     | Noticed a two-headed ogre
 13364 | D:10     | Killed a two-headed ogre
 13366 | D:10     | Killed a two-headed ogre
 13701 | D:10     | Found a flagged portal.
 13740 | Bailey   | Entered a bailey
 13856 | Bailey   | Reached XP level 12. HP: 41/65 MP: 0/0
 14202 | Bailey   | Reached skill level 5 in Dodging
 14294 | Bailey   | Acquired the ring "Etixzomu" {rC+ Dex+4 SInv}
 14452 | D:10     | Reached skill level 12 in Spellcasting
 14636 | D:10     | Noticed qwertyui's ghost (journeyman MiFi)
 14715 | Lair:1   | Entered Level 1 of the Lair of Beasts
 14778 | Lair:1   | Found a gate leading to a gauntlet.
 14946 | Gauntlet | Entered a Gauntlet
 14946 | Gauntlet | Found a transporter.
 14946 | Gauntlet | Found a transporter.
 14947 | Gauntlet | Noticed a death scarab
 14958 | Gauntlet | Found a transporter.
 14975 | Gauntlet | Found a transporter.
 14975 | Gauntlet | Found a transporter.
 14976 | Gauntlet | Found a transporter.
 14979 | Gauntlet | Found a transporter.
 14979 | Gauntlet | Found a transporter.
 14983 | Gauntlet | Noticed a thrashing horror
 14990 | Gauntlet | Found a transporter.
 15006 | Gauntlet | Found a transporter.
 15014 | Gauntlet | Noticed a blizzard demon
 15016 | Gauntlet | Found a transporter.
 15020 | Gauntlet | Reached **** piety under Hepliaklqana
 15022 | Gauntlet | Found a transporter.
 15070 | Gauntlet | Found a transporter.
 15085 | Gauntlet | Found a transporter.
 15114 | Gauntlet | Noticed a swamp dragon
 15114 | Gauntlet | a wind drake changed into a swamp dragon
 15118 | Gauntlet | a swamp dragon changed into a mana viper
 15152 | Gauntlet | Killed a death scarab
 15153 | Gauntlet | Identified the ring "Pueret" {Str+6 Int+2}
 15482 | Gauntlet | Identified the amulet "Yhesaf" {Spirit rF+ SInv}
 15596 | Gauntlet | Noticed a minotaur
 15641 | Gauntlet | Killed a minotaur
 16524 | Lair:2   | Found a staircase to the Snake Pit.
 16780 | Lair:2   | Noticed a seven-headed hydra
 16792 | Lair:2   | Killed a seven-headed hydra
 17020 | Lair:2   | Noticed Fannar
 17024 | Lair:2   | Reached skill level 13 in Spellcasting
 17038 | Lair:2   | Killed Fannar
 17039 | Lair:2   | Reached skill level 10 in Stealth
 17334 | Lair:2   | Reached XP level 13. HP: 48/70 MP: 0/0
 17334 | Lair:2   | Learned a level 5 spell: Metabolic Englaciation
 17989 | Lair:3   | Noticed Nessos
 18007 | Lair:3   | Shot with an arrow by Nessos

Illustrated notes

Levels and vault maps discovered:
D:1:      nicolae_arrival_washed_ashore, layout_basic
D:2:      layout_basic, minmay_randomly_rotated_circles, uniq_sigmund,
          uniq_crazy_yiuf_cottage, uniq_jessica
D:3:      layout_loops_cross, shapermc_ecumenical_altar_gd, uniq_robin
D:4:      layout_gridville, kennysheep_mini,
          mainiacjoe_overflow_six_doors_small, minmay_temple_entry_glassed_door
D:5:      layout_layer_cave, nicolae_ru_great_annihilating_truth,
          mainiacjoe_overflow_small_starburst, nicolae_qazlal_general_emergency,
          tso_oasis_becter
D:6:      minmay_polygon_palace, layout_basic, uniq_edmund, uniq_eustachio
D:7:      layout_loops_cross, xom_redecorated,
          nicolae_gozag_conspicuous_consumption, okawaru_gym_becter,
          lemuel_crystal_altar, nicolae_ossuary_entry_catacombs,
          chequers_guarded_unrand_ignorance, uniq_menkaure, uniq_duvessa
D:8:      layout_cave_pools, mainiacjoe_overflow_catwalk, minitemple,
          uniq_joseph
D:9:      layout_basic, mainiacjoe_overflow_surrounded_room,
          due_lair_maze_entry_diamond, serial_glass, glass_columns_b,
          glass_columns_a, lemuel_flame_loot_1, uniq_psyche
D:10:     layout_rooms, nzn_ghost_randoct, enter_bailey_7
Temple:   nicolae_temple_superstar
Lair:1:   layout_regular_city, gauntlet_entry_generic, small_statue_intersection
Lair:2:   layout_misc_corridors, guppyfry_snake_entry_island,
          serial_bayou_shore_b, lemuel_fruit_tree, uniq_fannar
Lair:3:   beast_lair_carwin_large_3, layout_misc_corridors,
          nicolae_swamp_entry_splash_gauntlet, uniq_nessos

Skill      XL: |  1  2  3  4  5  6  7  8  9 10 11 12 |
---------------+-------------------------------------+-----
Spellcasting   | 4 5 6 7 8 10 11 13 | 13.3
Stealth        | 2 3 4 6 8 9 10 | 10.2
Dodging        | 3 4 6 |  6.1
Short Blades   | 1 2 |  2.2
Fighting       | 1 |  1.6

Action                   |  1- 3 |  4- 6 |  7- 9 | 10-12 | 13-15 || total
-------------------------+-------+-------+-------+-------+-------++-------
Melee: Dagger            |     1 |     1 |       |       |       ||     2
       Rapier            |       |       |     1 |    19 |       ||    20
       Short sword       |       |       |     1 |       |       ||     1
 Cast: Magic Dart        |    18 |    32 |    59 |   101 |    10 ||   220
       Searing Ray       |    14 |    22 |    49 |    85 |     5 ||   175
       Poisonous Vapours |       |     1 |       |     2 |       ||     3
       Iskenderun's Myst |       |       |    20 |    95 |    10 ||   125
       Inner Flame       |       |       |       |     4 |     2 ||     6
       Metabolic Englaci |       |       |       |       |     2 ||     2
Invok: Ancestor Identity |       |       |     1 |       |       ||     1
       Ancestor Life: He |       |       |     1 |       |       ||     1
  Use: Scroll            |     3 |     7 |     1 |    22 |       ||    33
       Potion            |       |       |       |     4 |     1 ||     5
 Stab: Sleeping          |     1 |       |     2 |     4 |       ||     7
       Distracted        |       |       |       |     1 |       ||     1
Armor: Robe              |     2 |     6 |     7 |    22 |     3 ||    40
Dodge: Dodged            |     3 |     8 |    12 |    53 |     5 ||    81
